 Dungeon Crawl Stone Soup version 0.25.0-26-g0c896c7088 (webtiles) character file.

Game seed: 379283707485718186

1250 Dirian the Cleaver (level 8, -2/69 HPs)
             Began as a Minotaur Fighter on July 2, 2020.
             Was a Believer of Makhleb.
             Slain by a sky beast (6 damage)
             ... on level 5 of the Dungeon.
             The game lasted 00:05:47 (4411 turns).

Dirian the Cleaver (Minotaur Fighter)               Turns: 4411, Time: 00:05:48

Health: -2/69      AC: 11    Str: 23    XL:     8   Next: 26%
Magic:  9/9        EV: 10    Int:  5    God:    Makhleb [**....]
Gold:   317        SH: 10    Dex: 10    Spells: 7/7 levels left

rFire    . . .     SeeInvis .   a - +1 war axe
rCold    . . .     Gourm    .   c - +0 kite shield
rNeg     . . .     Faith    .   k - +0 chain mail
rPois    .         Spirit   .   (helmet restricted)
rElec    .         Reflect  .   (no cloak)
rCorr    .         Harm     .   (no gloves)
MR       .....                  m - +0 pair of boots
Stlth    ..........             (no amulet)
HPRegen  0.21/turn              f - +4 ring of evasion
MPRegen  0.11/turn              i - ring of flight

@: berserk cooldown, slowed, very slow
A: retaliatory headbutt, horns 2
a: Minor Destruction, Renounce Religion, Evoke Flight


You were on level 5 of the Dungeon.
You worshipped Makhleb.
Makhleb was pleased with you.
You were hungry.

You visited 1 branch of the dungeon, and saw 5 of its levels.

You collected 317 gold pieces.

Inventory:

Hand Weapons
 a - a +1 war axe (weapon)
Armour
 c - a +0 kite shield (worn)
 k - a +0 chain mail (worn)
 m - a +0 pair of boots (worn)
 u - a +0 plate armour
Jewellery
 b - an uncursed ring of protection from cold {unknown}
 f - a +4 ring of evasion (left hand)
 i - a ring of flight (right hand)
 o - a +6 ring of intelligence {unknown}
Wands
 t - a wand of paralysis (9)
Scrolls
 j - a scroll of magic mapping
 l - a scroll of enchant weapon
 x - 3 scrolls of remove curse
Potions
 d - a potion of might
 g - a potion of resistance {unknown}
 h - a potion of ambrosia {unknown}
 p - 2 potions of flight
 q - 2 potions of curing
 s - a potion of berserk rage
Comestibles
 e - 9 rations
 n - 7 chunks of flesh


   Skills:
 + Level 5.5 Fighting
 + Level 8.3 Axes
 + Level 6.0 Armour
 + Level 5.7 Shields
 * Level 3.2 Invocations


You had 7 spell levels left.
You didn't know any spells.
Your spell library contained the following spells:

 Spells                   Type           Power        Failure   Level  Hunger
 Beastly Appendage        Tmut           #.....       100%        1    ##.....
 Sticks to Snakes         Tmut           #.......     100%        2    ###....
 Spider Form              Tmut/Pois      #.........   100%        3    ####...
 Ice Form                 Ice/Tmut       #.......     100%        4    #####..
 Blade Hands              Tmut           #.........   100%        5    ######.


Dungeon Overview and Level Annotations

Branches:
Dungeon (5/15)
 Temple: D:4-7

Altars:
Ashenzari
Dithmenos
Gozag
Hepliaklqana
Makhleb
Okawaru
Qazlal
Trog
Zin


Innate Abilities, Weirdness & Mutations

You reflexively headbutt those who attack you in melee.
You have a pair of horns on your head.


Message History

You slash the orc priest!
The orc priest is almost dead.
The sky beast flickers out of sight!
Deactivating autopickup; reactivate with Ctrl-A.
You hit the orc priest.
You kill the orc priest!
Makhleb accepts your kill.
You feel better. You block something's attack.
You slash something! You barely miss something. Your headbutt misses something.
You are no longer berserk.
You are exhausted.
You feel yourself slow down. You block something's attack.
You barely miss something.
A sky beast appears from thin air!
Reactivating autopickup.
You block the sky beast's attack. The sky beast hits you.
* * * LOW HITPOINT WARNING * * *
The sky beast shocks you.
You die...

#.##...## ##..# #^# #..#
#.##.##.###.#.####+####..#
####.##.###....#....#!#.....#
.....##.####...#.#..###.#.#.#
..##.....<##...#........#...#
#[).......##...#.###..###.###
)..............#.# #.## #.#
#.[##.....##...#.# #.# #.#
........>..#.Y.#@###.####.#
...##.#.#.#....Y......>...#
...###....#...##........###
...# #.#.#.†.######.##.# ....
#.#.))# #.# .# ...# #...# #.#
.. ...... #.# ##. ....... ..#
.. ....##.#.# ### ##


You could see a sky beast.

Vanquished Creatures
  2 sky beasts
  An orc warrior (D:4)
  2 phantoms (D:4)
  2 crimson imps (D:5)
  3 hounds
  2 orc priests (D:5)
  An iguana (D:4)
  4 orc wizards
  6 worker ants
  A hound skeleton (D:4)
  7 gnolls
  9 adders
  4 oozes
  2 worms
  3 dart slugs
  5 leopard geckos
  10 orcs (D:5)
  3 ball pythons
  5 giant cockroaches
  4 goblins
  5 hobgoblins
  17 jackals
  9 kobolds
  2 quokkas (D:4)
  4 bats (D:2)
  6 frilled lizards
  A leopard gecko skeleton (D:5)
  A leopard gecko zombie (D:5)
  10 rats
131 creatures vanquished.

Vanquished Creatures (others)
  A giant cockroach (D:5)
1 creature vanquished.

Grand Total: 132 creatures vanquished

Notes
Turn   | Place    | Note
-------+----------+-------------------------------------------
     0 | D:1      | Dirian the Minotaur Fighter began the quest for the Orb.
     0 | D:1      | Reached XP level 1. HP: 19/19 MP: 0/0
   150 | D:1      | Reached XP level 2. HP: 27/27 MP: 1/1
   224 | D:1      | Reached skill level 3 in Axes
   478 | D:1      | Reached XP level 3. HP: 33/33 MP: 2/2
   962 | D:2      | Noticed a sky beast
  1001 | D:2      | Killed a sky beast
  1001 | D:2      | Reached skill level 5 in Axes
  1001 | D:2      | Reached XP level 4. HP: 7/41 MP: 3/3
  1001 | D:2      | Reached XP level 5. HP: 8/47 MP: 4/4
  1262 | D:2      | Found a stormy altar of Qazlal.
  2102 | D:3      | Found a shattered altar of Ashenzari.
  2102 | D:3      | Found an opulent altar of Gozag.
  2114 | D:3      | Found an iron altar of Okawaru.
  2116 | D:3      | Found a bloodstained altar of Trog.
  2118 | D:3      | Found a glowing silver altar of Zin.
  2314 | D:3      | Found a burning altar of Makhleb.
  2329 | D:3      | Became a worshipper of Makhleb the Destroyer
  2529 | D:4      | Noticed a phantom
  2551 | D:4      | Killed a phantom
  2551 | D:4      | Reached skill level 6 in Axes
  2551 | D:4      | Reached XP level 6. HP: 40/53 MP: 5/5
  2687 | D:4      | Reached skill level 1 in Invocations
  3115 | D:4      | Reached skill level 7 in Axes
  3115 | D:4      | Reached skill level 5 in Armour
  3115 | D:4      | Reached XP level 7. HP: 55/60 MP: 7/7
  3145 | D:4      | Found a shadowy altar of Dithmenos.
  3145 | D:4      | Noticed a shadow
  3148 | D:4      | Found a hazy altar of Hepliaklqana.
  3210 | D:4      | Reached * piety under Makhleb
  3571 | D:5      | Entered Level 5 of the Dungeon
  3596 | D:5      | Reached skill level 5 in Shields
  3622 | D:5      | Reached skill level 5 in Fighting
  4061 | D:5      | Reached XP level 8. HP: 68/68 MP: 7/9
  4292 | D:5      | Reached ** piety under Makhleb
  4292 | D:5      | Reached skill level 8 in Axes
  4404 | D:5      | HP: 3/103 [orc priest/divine providence (14)]
  4411 | D:5      | Slain by a sky beast

Illustrated notes

Levels and vault maps discovered:
D:1:      lightli_iron_boxes, layout_loops_ring
D:2:      minmay_evil_eye, layout_loops_cross, grunt_qazlal_sundering
D:3:      layout_loops_ring, chequers_temple_overflow_minitemple,
          bloody_makhleb, first_ration
D:4:      layout_basic, riverfiend_overflow_shadow_ancestor,
          hangedman_decor_diamond_cutter, chequers_serial_rivers_micro_e,
          minmay_parallelograms
D:5:      layout_loops_ring, grunt_temple_overflow_holy_war,
          biasface_ghost_orc_armoury, grunt_tough_drop

Skill      XL: |  1  2  3  4  5  6  7  8 |
---------------+-------------------------+-----
Axes           | 3 5 6 7 8 |  8.3
Fighting       | 4 5 |  5.5
Armour         | 4 5 6 |  6.0
Shields        | 4 5 |  5.7
Invocations    | 1 2 3 |  3.2

Action                   |  1- 3 |  4- 6 |  7- 9 || total
-------------------------+-------+-------+-------++-------
Melee: War axe           |    76 |   141 |   133 ||   350
       Headbutt          |    13 |    21 |    20 ||    54
  Use: Scroll            |       |    11 |       ||    11
       Potion            |       |       |     3 ||     3
  Eat: Chunk             |       |     7 |     4 ||    11
Armor: Scale mail        |    29 |    43 |    17 ||    89
       Chain mail        |       |       |    41 ||    41
Dodge: Dodged            |    22 |    38 |    66 ||   126
Block: Kite shield       |    31 |    71 |    83 ||   185
